 Dungeon Crawl Stone Soup version 0.26-a0-649-gf8c6c3aab7 (webtiles) character file.

Game seed: 8604323982007343837

395 Peloso the Covered (level 7, -17/55 HPs)
             Began as a Formicid Fighter on Sept 26, 2020.
             Demolished by Duvessa
             ... wielding a +0 rapier
              (18 damage)
             ... on level 4 of the Dungeon.
             The game lasted 00:08:45 (3891 turns).

Peloso the Covered (Formicid Fighter)               Turns: 3891, Time: 00:08:45

Health: -17/55     AC:  7    Str: 21    XL:     7   Next: 9%
Magic:  7/7        EV:  8    Int:  8    God:
Gold:   166        SH:  9    Dex: 11    Spells: 6/6 levels left

rFire    . . .     SeeInvis +   a - +2 scimitar
rCold    . . .     Faith    .   c - +0 kite shield
rNeg     . . .     Spirit   .   u - +0 scale mail
rPois    .         Reflect  .   (helmet unavailable)
rElec    .         Harm     .   i - scarf {+Inv}
rCorr    .         Rampage  .   (no gloves)
MR       .....                  (no boots)
Stlth    ..........             (no amulet)
HPRegen  0.18/turn              g - ring of flight
MPRegen  0.10/turn              (no ring)

@: mighty, lightly drained
A: permanent stasis, dig shafts and tunnels, four strong arms, antennae 3
a: Dig, Shaft Self, Evoke Invisibility, Evoke Flight


You were on level 4 of the Dungeon.
You visited 1 branch of the dungeon, and saw 4 of its levels.

You collected 166 gold pieces.

Inventory:

Hand Weapons
 a - a +2 scimitar (weapon)
 b - the +3 dagger of Bloodstone {elec, rC+}
   (You found it on level 4 of the Dungeon)

   Occasionally, upon striking a foe, it will discharge some electrical energy
   and cause terrible harm.
   It protects you from cold.
Missiles
 l - 21 bolts
Armour
 c - a +0 kite shield (worn)
 i - a scarf of invisibility (worn)
 n - a +0 plate armour
 u - a +0 scale mail (worn)
Jewellery
 g - a ring of flight (left hand)
 h - an uncursed ring of positive energy
Wands
 m - a wand of flame (11)
Scrolls
 e - a scroll of immolation
 f - 2 scrolls of amnesia
 j - a scroll of fear
 o - 2 scrolls of remove curse
 p - a scroll of blinking
 q - a scroll of teleportation {unknown}
 r - a scroll of enchant armour {unknown}
 v - a scroll of fog {unknown}
Potions
 k - a potion of brilliance {unknown}
 s - a potion of stabbing {unknown}
 t - a potion of flight {unknown}


   Skills:
 + Level 4.6(4.1) Fighting
 + Level 4.0(3.5) Long Blades
 + Level 5.2(4.6) Armour
 + Level 0.8(0.3) Dodging
 + Level 0.7(0.2) Stealth
 + Level 4.8(4.3) Shields


You had 6 spell levels left.
You didn't know any spells.
Your spell library was empty.

Dungeon Overview and Level Annotations

Branches:
Dungeon (4/15)
 Temple: D:4-7

Altars:
Ashenzari
Fedhas
Kikubaaqudgha
Nemelex Xobeh
Ru
Trog
Uskayaw
Vehumet
Yredelemnul

Annotations:
D:4 Duvessa


Innate Abilities, Weirdness & Mutations

You cannot be hasted, slowed, berserked, paralysed or teleported.
You can dig through walls and to a lower floor.
Your four strong arms can wield two-handed weapons with a shield.
You have a pair of large antennae on your head. (SInv)


Message History

Duvessa goes berserk!
You hit Duvessa.
Duvessa is lightly wounded.
Duvessa hits you with a +0 rapier. x2
You slash Duvessa!
Duvessa is moderately wounded.
You block Duvessa's attack. Duvessa hits you with a +0 rapier!
You closely miss Duvessa.
Duvessa is moderately wounded.
Duvessa hits you with a +0 rapier!
* * * LOW HITPOINT WARNING * * *
You slash Duvessa!
Duvessa is moderately wounded.
You block Duvessa's attack. Duvessa barely misses you.
You hit Duvessa.
Duvessa is heavily wounded.
Duvessa hits you with a +0 rapier.
* * * LOW HITPOINT WARNING * * *
Duvessa hits you with a +0 rapier!!
You die...

#..>.###............
....####.....>......
.....#.#...........
..(.................
.#....)....#...#....
.................#
#...<........##... #
#....#.......##e##.##...
.............##.@.....#
##.........###........#
.#..#.....)##......####
....#...#..##.##....#
....#...#...........#
#......###.....#....#..
.......# #.#.....!.....
......## ###.....$.....
....#.# ##..........


You could see Duvessa (berserk).

Vanquished Creatures
  Dowan (D:4)
  3 wights
  A howler monkey (D:4)
  5 gnolls
  5 adders
  An ooze (D:2)
  3 worms
  3 dart slugs
  5 leopard geckos
  6 giant cockroaches
  8 goblins
  4 hobgoblins
  6 jackals
  2 quokkas
  4 ball pythons
  A ball python skeleton (D:4)
  4 bats
  7 frilled lizards
  8 kobolds
  4 rats
81 creatures vanquished.

Vanquished Creatures (others)
  A human (D:2)
1 creature vanquished.

Grand Total: 82 creatures vanquished

Notes
Turn   | Place    | Note
-------+----------+-------------------------------------------
     0 | D:1      | Peloso the Formicid Fighter began the quest for the Orb.
     0 | D:1      | Reached XP level 1. HP: 18/18 MP: 1/1
   176 | D:1      | Reached XP level 2. HP: 21/24 MP: 2/2
   314 | D:2      | Reached XP level 3. HP: 5/29 MP: 3/3
  1139 | D:1      | Reached XP level 4. HP: 25/36 MP: 4/4
  1653 | D:3      | Found a sparkling altar of Nemelex Xobeh.
  1693 | D:3      | Found a hide-covered altar of Uskayaw.
  1698 | D:3      | Found a sacrificial altar of Ru.
  1699 | D:3      | Found a bloodstained altar of Trog.
  1853 | D:3      | Found a radiant altar of Vehumet.
  1962 | D:3      | Reached skill level 4 in Armour
  1962 | D:3      | Reached XP level 5. HP: 34/42 MP: 5/5
  2492 | D:2      | Found a sparkling altar of Nemelex Xobeh.
  2559 | D:2      | Found an ancient bone altar of Kikubaaqudgha.
  2559 | D:2      | Noticed a human
  2562 | D:2      | Killed a human
  2705 | D:2      | Found a blossoming altar of Fedhas.
  2782 | D:2      | Found a broken altar of Ashenzari.
  3152 | D:3      | Found a basalt altar of Yredelemnul.
  3357 | D:4      | Got an ancient dagger
  3370 | D:4      | Identified the cursed +3 dagger of Bloodstone {elec, rC+}
                  | (You found it on level 4 of the Dungeon)
  3508 | D:3      | Reached XP level 6. HP: 31/48 MP: 6/6
  3853 | D:4      | Noticed Dowan
  3875 | D:4      | Killed Dowan
  3875 | D:4      | Reached skill level 5 in Armour
  3875 | D:4      | Reached XP level 7. HP: 29/55 MP: 7/7
  3878 | D:4      | Noticed Duvessa
  3891 | D:4      | HP: 1/55 [Duvessa/+0 rapier (6)]
  3891 | D:4      | Demolished by Duvessa

Illustrated notes

Levels and vault maps discovered:
D:1:      psy_arrival_radial01, layout_rooms, minmay_pentomino_q2
D:2:      layout_rooms, nicolae_overflow_crystal_walls,
          nemelex_xobeh_ov_fountains_minmay, marbit_many_paths,
          chequers_arboretum, tgw_kikubaaqudgha
D:3:      layout_basic, old_standard_altar, grunt_temple_overflow_open,
          nemelex_diamond_rough_becter
D:4:      layout_cave_pools, minmay_temple_entry_fiery, uniq_duvessa

Skill      XL: |  1  2  3  4  5  6 |
---------------+-------------------+-----
Shields        | 4 |  4.8
Long Blades    | 3 4 |  4.0
Armour         | 4 5 |  5.2
Fighting       | 4 |  4.6
Dodging        | |  0.8
Stealth        | |  0.7

Action                   |  1- 3 |  4- 6 |  7- 9 || total
-------------------------+-------+-------+-------++-------
Melee: Long sword        |    77 |   192 |       ||   269
       Scimitar          |       |    26 |     5 ||    31
  Use: Scroll            |       |     6 |       ||     6
       Potion            |       |     1 |       ||     1
Armor: Scale mail        |    61 |    45 |       ||   106
       Plate armour      |       |    93 |       ||    93
Dodge: Dodged            |    52 |    61 |     1 ||   114
Block: Kite shield       |    62 |   128 |     2 ||   192
       Rpst.: Long sword |    16 |    12 |       ||    28
       Scimitar          |       |     2 |       ||     2

Table legend: (Time is in decaauts)
 A = Elapsed time spent in this place.
 B = Non-inter-level travel time spent in this place.
 C = Inter-level travel time spent in this place.
 D = Time resting spent in this place.
 E = Time spent auto-exploring this place.
 F = Levels seen in this place.
 G = Mean time per level.
                   A        B        C        D        E       F      G
               +--------+--------+--------+--------+--------+-----+--------+
         Total |   3991 |   3896 |     95 |    807 |   2125 |   4 |  997.8 |
       Dungeon |   3991 |   3896 |     95 |    807 |   2125 |   4 |  997.8 |
               +--------+--------+--------+--------+--------+-----+--------+

Top non-repeatable levels by time:
     D:3: 1428 daAuts
     D:2: 1237 daAuts
     D:1: 984 daAuts
     D:4: 341 daAuts
